lots of units going splat on both sides for 40 minutes

Match 15368574
End
Engineer Squad
Construct Barracks
Riflemen Squad
Riflemen Squad
Riflemen Squad
Infantry Support Center
Construct Medical Station
Construct Motor Pool
M1 Anti-tank Gun Team
M24 Chaffee Light Tank
Selects Airborne Battlegroup
Selects Heavy Machine Gun Paradrop
Selects Paratrooper Squad Paradrop
Selects Anti-tank Gun Team Paradrop
Heavy Machine Gun Paradrop
M24 Chaffee Light Tank
Grenade Package
Selects Recon Loiter
Selects Paradrop Reinforcements
M1918 Browning Automatic Rifles
Munitions Surplus
Construct Tank Depot
Paratrooper Squad Paradrop
Selects Carpet Bombing Run
Anti-tank Gun Team Paradrop
Recon Loiter
M18 Hellcat Tank Destroyer
Recon Loiter
M18 Hellcat Tank Destroyer
Carpet Bombing Run
Carpet Bombing Run
Recon Loiter
M18 Hellcat Tank Destroyer
M18 Hellcat Tank Destroyer
Recon Loiter
Carpet Bombing Run
M4A1 Sherman Medium Tank
Anti-tank Gun Team Paradrop
M18 Hellcat Tank Destroyer
Paratrooper Squad Paradrop
S N I P E R
Fortune
0
0

Comments sign in to comment!

No comments posted yet!